 Dungeon Crawl Stone Soup version 0.31-a0-7-g51783674b7 (webtiles) character file.

Game seed: 3951065238751322428

2436 avis the Covert (level 9, -5/40 (42) HPs)
             Began as a Vine Stalker Brigand on May 6, 2023.
             Was a Believer of Uskayaw.
             Slain by a wight
             ... wielding a +2 scimitar of electrocution
              (11 damage)
             ... on level 7 of the Dungeon.
             The game lasted 00:41:58 (6431 turns).

avis the Covert (Vine Stalker Brigand)              Turns: 6431, Time: 00:41:58

HP:   -5/40 (42)    AC:  6    Str: 14    XL:     9   Next: 49%
MP:   0/14          EV: 12    Int: 11    God:    Uskayaw [**....]
Gold: 447           SH:  0    Dex: 20    Spells: 11/12 levels left

rFire   . . .        b - +0 shortbow
rCold   . . .        (shield currently unavailable)
rNeg    + . .        Q - +2 robe {rN+}
rPois   .            C - +0 helmet
rElec   .            c - +0 cloak
rCorr   .            (no gloves)
SInv    .            (no boots)
Will    +....        (no amulet)
Stlth   +++++        (no ring)
HPRegen 1.06/turn    (no ring)
MPRegen 0.14/turn

%: guardian spirit
@: lightly drained
A: fangs 3, regeneration 1, magic shield, antimagic bite, no potion heal 2
a: Renounce Religion, Stomp, Line Pass


You were on level 7 of the Dungeon.
You worshipped Uskayaw.
Uskayaw was noncommittal.
You visited 2 branches of the dungeon, and saw 8 of its levels.

You collected 447 gold pieces.

Inventory:

Hand Weapons
 a - a +2 dagger of venom
 b - a +0 shortbow (weapon)
 f - a +1 falchion of flaming
 h - a +0 dagger of venom
 w - a +2 dagger of holy wrath
 A - a +1 dagger of venom
 H - a +1 heavy spear
 P - a +0 arbalest
 R - a +5 trident
Missiles
 d - 24 poisoned darts
 e - 2 curare-tipped darts
 r - 5 silver javelins
 v - 2 throwing nets
Armour
 c - a +0 cloak (worn)
 j - a +0 kite shield
 C - a +0 helmet (worn)
 E - a +0 robe
 K - a +1 chain mail of poison resistance
 M - a +4 ring mail
 N - a +0 chain mail
 Q - a +2 robe of positive energy (worn)
Magical Staves
 y - a staff of cold
Jewellery
 O - a ring of wizardry
Scrolls
 g - 2 scrolls of identify
 i - a scroll of immolation {unknown}
 k - 6 scrolls of blinking
 m - a scroll of acquirement {unknown}
 q - 7 scrolls of teleportation
 t - a scroll of amnesia {unknown}
 G - 3 scrolls of fear {unknown}
 I - a scroll of silence {unknown}
 L - a scroll of fog {unknown}
Potions
 l - 3 potions of attraction {unknown}
 n - a potion of curing {unknown}
 o - 2 potions of flight {unknown}
 p - a potion of experience {unknown}
 s - 2 potions of berserk rage
 u - 2 potions of resistance {unknown}
 x - a potion of might {unknown}
 z - 3 potions of degeneration {unknown}
 B - a potion of lignification {unknown}
 D - 2 potions of ambrosia {unknown}
 F - a potion of brilliance {unknown}
 J - a potion of mutation


   Skills:
 - Level 2.0 Fighting
 + Level 7.1 Short Blades
 - Level 1.7 Throwing
 - Level 2.0 Dodging
 - Level 10.0 Stealth
 - Level 2.0 Spellcasting
 + Level 6.4 Invocations


You had 11 spell levels left.
You knew the following spells:

 Your Spells              Type           Power      Damage    Failure   Level
a - Necrotise             Necr           4%         1d4       28%         1

Your spell library contained the following spells:

 Spells                   Type           Power      Damage    Failure   Level
 Apportation              Tloc           2%         N/A       28%         1
 Sting                    Tmut/Pois      4%         1d3       28%         1
 Summon Small Mammal      Summ           4%         N/A       28%         1
 Cigotuvi's Dreadful Rot  Necr/Pois/Air  2%         N/A       41%         2
 Poisonous Vapours        Pois/Air       2%         N/A       41%         2
 Scorch                   Fire           2%         2d5       41%         2
 Sublimation of Blood     Necr           1%         N/A       41%         2
 Wereblood                Tmut           1%         N/A       41%         2
 Ignite Poison            Fire/Tmut/Pois 1%         N/A       65%         3
 Flame Wave               Conj/Fire      1%         2d4       96%         4
 Olgreb's Toxic Radiance  Pois           1%         N/A       96%         4
 Freezing Cloud           Conj/Ice/Air   0%         6-21      100%        5
 Summon Cactus Giant      Summ           0%         N/A       100%        6
 Summon Hydra             Summ           0%         N/A       100%        7


Dungeon Overview and Level Annotations

Branches:
Dungeon (7/15)             Temple (1/1) D:4

Altars:
Cheibriados
Elyvilon
Fedhas
Gozag
Makhleb
Nemelex Xobeh
Okawaru
Sif Muna
Trog
Uskayaw
Vehumet
Xom
Yredelemnul
Zin
The Shining One


Innate Abilities, Weirdness & Mutations

You have razor-sharp teeth.
Your natural rate of healing is unusually fast.
When hurt, damage is shared between your health and your magic reserves.
Your bite disrupts and absorbs the magic of your enemies.
Potions cannot restore your health.


Message History

The sky beast closely misses you.
Aiming: Line Pass
Press: ? - help, Dir - move target The wight appears confused. x2
The wight hits the wyvern with a +2 scimitar of electrocution!
Reactivating autopickup.
You feel a bit more experienced.
Lightning courses through the wyvern!
You destroy the wight!
The wyvern is killed!
Your life force feels restored.
Training target 2.0 for Dodging reached!
Your Short Blades skill increases to level 7!
Your Dodging skill increases to level 2!
You hit the wight but do no damage.
The wight is moderately damaged.
You hit the wight but do no damage. Your bite misses the wight.
The wight is moderately damaged.
The hound is no longer sharing its pain.
Your +2 dagger of holy wrath stops glowing.
Your +2 dagger of venom begins to drip with poison!
a - a +2 dagger of venom (weapon)
The wight seems less confused.
The sky beast flickers out of sight!
Deactivating autopickup; reactivate with Ctrl-A.
Something hits you. Something shocks you. The wight barely misses you.
You barely miss something.
The wight is no longer sharing its pain.
The wight hits you with a +2 scimitar of electrocution!
* * * LOW HITPOINT WARNING * * *
You partially resist.
You feel drained.
* * * LOW HITPOINT WARNING * * *
A sky beast appears from thin air!
Reactivating autopickup.
The sky beast hits you but does no damage.
The sky beast attacks as you move away!
The sky beast hits you but does no damage.
The wight is no longer sharing its pain.
Okay, then.
Your +2 dagger of venom stops dripping with poison.
b - a +0 shortbow (weapon)
The wight hits you with a +2 scimitar of electrocution!
You die...

#.#.#..#.#.#....#
#.....#..)###.#.#
##........####.#.#
#..##.##.........#
#.##[.)##.####+###
#.#z###.#.#
#.#Yh)..#.##
#.#z###.#...
#.##@..##.... ##
......##.##.....
+. ###.........#..
## #..#...####
#......# #.##.#.#
#. #.#.# #+#
#.##.#.# #.# ....
#.#


You could see a sky beast (poisoned), a hound and 2 wights.

Vanquished Creatures
  3 yaks (D:6)
  A wyvern (D:7)
  Edmund (D:4)
  3 water moccasins
  2 ice beasts
  2 sky beasts (D:6)
  A centaur (D:4)
  A bullfrog (D:6)
  A scorpion (D:6)
  3 wights (D:7)
  A gnoll bouda (D:7)
  2 orc priests (D:5)
  5 hounds
  2 sleepcaps
  6 orc wizards
  3 iguanas
  7 gnolls
  3 adders
  2 white imps (D:6)
  3 ufetubi
  2 dart slugs
  22 orcs
  7 ball pythons
  7 endoplasms
  3 giant cockroaches
  4 goblins
  3 hobgoblins
  10 jackals
  3 quokkas
  3 bats
  5 kobolds
  7 rats
128 creatures vanquished.

Notes
Turn   | Place    | Note
-------+----------+-------------------------------------------
     0 | D:1      | avis the Vine Stalker Brigand began the quest for the Orb.
     0 | D:1      | Reached XP level 1. HP: 11/11 MP: 2/2
    69 | D:1      | Reached skill level 5 in Stealth
    74 | D:1      | Reached XP level 2. HP: 12/15 MP: 3/3
   352 | D:1      | Reached XP level 3. HP: 18/18 MP: 4/4
   788 | D:2      | Identified the +6 plate armour of Bitterness {+Blink rCorr
                  | Str+3 Int-2}
  1342 | D:2      | Learned a level 1 spell: Necrotise
  1443 | D:3      | Found a glowing golden altar of the Shining One.
  1735 | D:3      | Gained mutation: Your natural rate of healing is unusually
                  | fast. [Vine Stalker growth]
  1735 | D:3      | Reached XP level 4. HP: 23/23 MP: 5/5
  2274 | D:4      | Reached XP level 5. HP: 13/26 MP: 2/6
  2314 | D:4      | Noticed Edmund
  2318 | D:4      | Found a staircase to the Ecumenical Temple.
  2335 | D:4      | Killed Edmund
  2336 | D:4      | Reached skill level 6 in Stealth
  2336 | D:4      | Reached skill level 1 in Spellcasting
  2336 | D:4      | Reached XP level 6. HP: 19/30 MP: 4/9
  2353 | Temple   | Entered the Ecumenical Temple
  2353 | Temple   | Found a transporter.
  2353 | Temple   | Found a transporter.
  2355 | Temple   | Found a transporter.
  2355 | Temple   | Found a transporter.
  2368 | Temple   | Became a worshipper of Uskayaw the Reveller
  2563 | D:4      | Reached * piety under Uskayaw
  2570 | D:4      | Reached ** piety under Uskayaw
  2572 | D:4      | Found a basalt altar of Yredelemnul.
  2833 | D:4      | HP: 1/30 [iguana (11)]
  3055 | D:4      | Reached skill level 1 in Invocations
  3056 | D:4      | Reached *** piety under Uskayaw
  3180 | D:5      | Entered Level 5 of the Dungeon
  3297 | D:5      | Reached XP level 7. HP: 35/35 MP: 6/11
  3437 | D:5      | Reached skill level 5 in Short Blades
  3506 | D:5      | Reached skill level 7 in Stealth
  4475 | D:5      | Gained mutation: You have razor-sharp teeth. [Vine Stalker
                  | growth]
  4475 | D:5      | Reached XP level 8. HP: 23/39 MP: 9/12
  4766 | D:6      | Noticed a yak
  4845 | D:6      | Found a burning altar of Makhleb.
  4892 | D:6      | Reached skill level 8 in Stealth
  5445 | D:6      | Noticed a yak
  5446 | D:6      | Noticed a yak
  5447 | D:6      | Killed a yak
  5448 | D:6      | Reached skill level 9 in Stealth
  5449 | D:6      | Killed a yak
  5450 | D:6      | Reached skill level 5 in Invocations
  5451 | D:6      | Killed a yak
  5452 | D:6      | Reached skill level 10 in Stealth
  5452 | D:6      | Reached XP level 9. HP: 42/42 MP: 12/14
  5888 | D:7      | Found a bloodstained altar of Trog.
  6046 | D:7      | Reached skill level 1 in Dodging
  6422 | D:7      | Reached **** piety under Uskayaw
  6431 | D:7      | Slain by a wight

Illustrated notes

Levels and vault maps discovered:
D:1:      roderic_chinese_lattice_arrival, layout_basic, kennysheep_flooded_box
D:2:      layout_basic
D:3:      layout_loops_cross, nicolae_tso_carved_into_rock
D:4:      layout_loops_cross, general_overflow_altar, minmay_temple_entry_tees,
          uniq_edmund
D:5:      layout_loops_cross, serial_co_window_serial, co_window_corner_a,
          co_window_paths_b, co_window_paths_b, co_window_corner_a,
          co_window_paths_b, co_window_corner_a, co_window_corner_a,
          co_window_paths_a, co_window_corner_a, co_window_corner_b,
          co_window_unsneaky_path_d, co_window_cross_2,
          co_window_unsneaky_path_d, co_window_2corner, co_window_corner_b,
          glass_columns_a, glass_columns_a, minmay_misc_feat_four_crosses
D:6:      layout_basic, bloody_makhleb, amcnicky_mini_rare_corridor_liquid
D:7:      layout_loops_corners, mainiacjoe_overflow_cross_hatched,
          minmay_checkerbox
Temple:   hellmonk_temple_divided_pantheon

Skill      XL: |  1  2  3  4  5  6  7  8  9 |
---------------+----------------------------+-----
Short Blades   | 2 3 4 5 6 7 |  7.1
Stealth        | 5 6 7 10 | 10.0
Fighting       | 2 |  2.0
Spellcasting   | 1 2 |  2.0
Invocations    | 1 3 5 6 |  6.4
Dodging        | 2 |  2.0
Throwing       | |  1.7

Action                     |  1- 3 |  4- 6 |  7- 9 || total
---------------------------+-------+-------+-------++-------
  Melee: Dagger            |    89 |   164 |   170 ||   423
         Bite              |    14 |    41 |    55 ||   110
         Punch             |     3 |     1 |     3 ||     7
   Fire: Shortbow          |       |       |     2 ||     2
  Throw: Dart              |       |     3 |    12 ||    15
         Javelin           |       |     1 |       ||     1
 Invoke: Line Pass         |       |     1 |     3 ||     4
         Stomp             |       |     1 |       ||     1
    Use: Scroll            |       |     6 |       ||     6
   Stab: Sleeping          |     9 |     4 |    14 ||    27
         Paralysed         |       |     2 |     2 ||     4
 Armour: Robe              |    26 |    32 |    22 ||    80
  Dodge: Dodged            |    45 |    90 |    60 ||   195

Table legend: (Time is in decaauts)
 A = Elapsed time spent in this place.
 B = Non-inter-level travel time spent in this place.
 C = Inter-level travel time spent in this place.
 D = Time resting spent in this place.
 E = Time spent auto-exploring this place.
 F = Levels seen in this place.
 G = Mean time per level.
                   A        B        C        D        E       F      G
               +--------+--------+--------+--------+--------+-----+--------+
         Total |   6330 |   5585 |    745 |    544 |   3405 |   8 |  791.2 |
       Dungeon |   6260 |   5515 |    745 |    544 |   3405 |   7 |  894.3 |
        Temple |     70 |     70 |      0 |      0 |      0 |   1 |   70.0 |
               +--------+--------+--------+--------+--------+-----+--------+

Top non-repeatable levels by time:
     D:5: 1529 daAuts
     D:6: 1163 daAuts
     D:4: 866 daAuts
     D:3: 838 daAuts
     D:2: 779 daAuts
     D:1: 651 daAuts
     D:7: 431 daAuts
  Temple: 70 daAuts
